 Dungeon Sprint DCSS version 0.22-a0-398-g8bb545f (webtiles) character file.

54 stankywizzleteets the Covered (level 5, -4/44 HPs)
             Began as a Human Fighter on May 5, 2018.
             Was a Believer of the Shining One.
             Slain by a six-headed hydra (12 damage)
             ... in the Dungeon (Sprint VI: "Thunderdome").
             The game lasted 00:04:46 (324 turns).

stankywizzleteets the Covered (Human Fighter)        Turns: 324, Time: 00:04:49

Health: -4/44      AC:  9    Str: 18    XL:     5   Next: 41%
Magic:  5/5        EV:  8    Int:  8    God:    the Shining One [**....]
Gold:   280        SH:  9    Dex: 12    Spells: 4/4 levels left

rFire    . . .     SeeInvis .   a - +0 war axe
rCold    . . .     Gourm    .   c - +0 shield
rNeg     + . .     Faith    .   b - +0 scale mail
rPois    .         Spirit   .   (no helmet)
rElec    .         Reflect  .   q - +1 cloak {MR+}
rCorr    .         Harm     .   (no gloves)
MR       +....     NoTele   +   (no boots)
Stlth    ..........             (no amulet)
HPRegen  0.14/turn              (no ring)
MPRegen  0.09/turn              (no ring)

@: glowing
A: no striking features
a: Divine Shield, Renounce Religion


You were in the Dungeon.
You worshipped the Shining One.
The Shining One was pleased with you.
You were not hungry.

You visited 1 branch You collected 280 gold pieces.

Inventory:

Hand Weapons
 a - a +0 war axe (weapon)
 p - a +4 quarterstaff of chaos
Armour
 b - a +0 scale mail (worn)
 c - a +0 shield (worn)
 q - a +1 cloak of magic resistance (worn)
Wands
 m - a wand of acid (5)
 n - a wand of iceblast (5)
Scrolls
 k - 4 scrolls of blinking
 o - 3 scrolls of fog
Potions
 d - a potion of might
 e - a potion of curing
 g - 3 potions of heal wounds
 h - 4 potions of haste
 i - 2 potions of magic
 j - a potion of berserk rage
 l - a potion of resistance
Comestibles
 f - a ration


   Skills:
 + Level 5.4 Fighting
 + Level 5.2 Axes
 + Level 6.2 Armour
 + Level 1.5 Dodging
 + Level 5.1 Shields


You had 4 spell levels left.
You didn't know any spells.

Dungeon Overview and Level Annotations

Branches:
Dungeon (1/1)

Altars:
Cheibriados
Dithmenos
Fedhas
Gozag
Kikubaaqudgha
Makhleb
Qazlal
Ru
Sif Muna
Trog
Uskayaw
Vehumet
Wu Jian
Yredelemnul
Zin
The Shining One
Beogh
Jiyva
Lugonu

Shops:
D %???*:[((!!!!


Message History

There is an opulent altar of Gozag here.
There is a sacrificial altar of Ru here.
You can now call upon the Shining One for a divine shield.
A bullfrog comes into view.
The bullfrog croaks.
Found Ereusuk's Weapon Rack.
Found a corrupted altar of Lugonu.
A six-headed hydra comes into view.
The six-headed hydra roars!
Found Qitonabe's Basic Armour and Delut's Miscellaneous Merchandise.
The bullfrog barely misses you. You block the bullfrog's attack.
The bullfrog hits you but does no damage.
There is an ornate altar of the Wu Jian Council here.
The six-headed hydra bites you! The six-headed hydra bites you.
* * * LOW HITPOINT WARNING * * *
You block the six-headed hydra's attack.
The six-headed hydra bites you but does no damage.
The six-headed hydra bites you.
* * * LOW HITPOINT WARNING * * *
The six-headed hydra bites you!
You die...

....... #...###..........⌠#
..........###.............##
........8. #.8........∩###
∩___......###.......__∩##
#####.8.........8.######
#⌠...........⌠#
###.........### #_......DF#
.......@# ......._#
.......∩# ∩.....∩## #.....#
##⌠⌠⌠# ####


You could see a six-headed hydra and a bullfrog.

Vanquished Creatures
  Crazy Yiuf (D)
  Terence (D)
  A worker ant (D)
  5 gnolls (D)
  A worm (D)
  2 goblins (D)
11 creatures vanquished.

Notes
Turn   | Place    | Note
-------+----------+-------------------------------------------
     0 | D        | stankywizzleteets the Human Fighter began the quest for the Orb.
     0 | D        | Reached XP level 1. HP: 18/18 MP: 1/1
     4 | D        | Found an ornate altar of the Wu Jian Council.
     5 | D        | Round 1.
     6 | D        | Found a roughly hewn altar of Beogh.
     6 | D        | Found a stormy altar of Qazlal.
     8 | D        | Found a burning altar of Makhleb.
     8 | D        | Found a glowing silver altar of Zin.
    10 | D        | Found a viscous altar of Jiyva.
    10 | D        | Found a radiant altar of Vehumet.
    17 | D        | Found a glowing golden altar of the Shining One.
    17 | D        | Found a blossoming altar of Fedhas.
    18 | D        | Found a snail-covered altar of Cheibriados.
    18 | D        | Found an opulent altar of Gozag.
    19 | D        | Found Beleuq's Distillery.
    19 | D        | Found a sacrificial altar of Ru.
    19 | D        | Found Ethinui's Do-It-Yourself Clinic.
    20 | D        | Found Weakhypn's Distillery.
    20 | D        | Found Ompuyc's Bottled Wisdom.
    31 | D        | Became a worshipper of the Shining One
    39 | D        | Found a basalt altar of Yredelemnul.
    41 | D        | Reached skill level 4 in Armour
    43 | D        | Found Getrae's Staff Store.
    45 | D        | Found Fafez's Must-Have Magic.
    45 | D        | Found Uchuxim's Magic Scroll Shop.
    46 | D        | Found a deep blue altar of Sif Muna.
    46 | D        | Found Vauppaon's Magic Scroll Shop.
    56 | D        | Reached XP level 2. HP: 23/24 MP: 2/2
    68 | D        | Noticed Terence
    69 | D        | Reached * piety under the Shining One
    80 | D        | Reached XP level 3. HP: 23/30 MP: 3/3
    85 | D        | Killed Terence
    85 | D        | Arena points: 12 (+12) [x2]
    85 | D        | Reached skill level 5 in Armour
    85 | D        | Reached XP level 4. HP: 9/38 MP: 4/4
   134 | D        | Round 2.
   150 | D        | Reached skill level 1 in Dodging
   153 | D        | Found an ancient bone altar of Kikubaaqudgha.
   169 | D        | Noticed Crazy Yiuf
   169 | D        | Found a bloodstained altar of Trog.
   171 | D        | Found Vabrim's Delicious Food.
   173 | D        | Found a hide-covered altar of Uskayaw.
   173 | D        | Found a shadowy altar of Dithmenos.
   173 | D        | Found Peucus's Identification Station.
   180 | D        | Killed Crazy Yiuf
   180 | D        | Reached skill level 5 in Fighting
   212 | D        | Reached XP level 5. HP: 10/44 MP: 5/5
   248 | D        | Reached skill level 6 in Armour
   248 | D        | Reached skill level 5 in Shields
   252 | D        | HP: 2/44 [gnoll/spear (8)]
   253 | D        | Reached skill level 5 in Axes
   288 | D        | Arena points: 54 (+42) [x3]
   306 | D        | Round 3.
   318 | D        | Noticed a bullfrog
   318 | D        | Reached ** piety under the Shining One
   318 | D        | Found a corrupted altar of Lugonu.
   318 | D        | Found Ereusuk's Weapon Rack.
   319 | D        | Noticed a six-headed hydra
   320 | D        | Found Qitonabe's Basic Armour.
   320 | D        | Found Delut's Miscellaneous Merchandise.
   324 | D        | Slain by a six-headed hydra

Vault maps used:
D:        arena_sprint

Skill      XL: |  1  2  3  4  5 |
---------------+----------------+-----
Armour         | 4 5 6 |  6.2
Fighting       | 4 5 |  5.4
Axes           | 3 4 5 |  5.2
Shields        | 4 5 |  5.1
Dodging        | 1 |  1.5

Action                   |  1- 3 |  4- 6 || total
-------------------------+-------+-------++-------
Melee: War axe           |    19 |    25 ||    44
  Use: Potion            |       |     1 ||     1
Armor: Scale mail        |    12 |     6 ||    18
Dodge: Dodged            |     7 |     8 ||    15
Block: Shield            |     3 |    19 ||    22

Table legend:
 A = Spawn XP
 B = Non-spawn XP
 C = Spawn XP percentage of total XP
 D = Spawn monster count
 E = Non-spawn monster count
 F = Spawn count percentage of total count
 G = Total turns spent on level
                    A         B        C        D         E        F      G
               +---------+---------+-------+---------+---------+-------+---------
         Total |       0 |     193 |   0.0 |       0 |      11 |   0.0 |   324
               +---------+---------+-------+---------+---------+-------+---------
             D |       0 |     193 |   0.0 |       0 |      11 |   0.0 |   324
               +---------+---------+-------+---------+---------+-------+---------
